 Dungeon Crawl Stone Soup version 0.25.0-1-g7eea58d2a3 (webtiles) character file.

Game seed: 6872279871764184075

3633 mortelune the Cleaver (level 10, 0/65 HPs)
             Began as a Gargoyle Fighter on June 15, 2020.
             Was a Believer of Okawaru.
             Slain by a two-headed ogre
             ... wielding a +0 giant club
              (6 damage)
             ... on level 8 of the Dungeon.
             The game lasted 00:11:42 (8659 turns).

mortelune the Cleaver (Gargoyle Fighter)            Turns: 8659, Time: 00:11:42

Health: 0/65       AC: 21    Str: 22    XL:     10   Next: 11%
Magic:  18/19      EV:  9    Int: 10    God:    Okawaru [**....]
Gold:   432        SH: 11    Dex:  9    Spells: 9/9 levels left

rFire    + . .     SeeInvis .   a - +1 war axe
rCold    + . .     Gourm    .   c - +0 kite shield
rNeg     + . .     Faith    .   l - +0 chain mail
rPois    ∞         Spirit   .   m - +0 helmet
rElec    +         Reflect  .   n - scarf {rC+ rF+}
rCorr    .         Harm     .   (no gloves)
MR       .....                  (no boots)
Stlth    ..........             (no amulet)
HPRegen  0.20/turn              p - ring of magical power
MPRegen  0.16/turn              (no ring)

@: heroism
A: negative energy resistance 1, electricity resistance, unbreathing,
petrification resistance, rot immunity, AC +7
a: Heroism, Renounce Religion


You were on level 8 of the Dungeon.
You worshipped Okawaru.
Okawaru was pleased with you.
You were not hungry.

You visited 2 branches of the dungeon, and saw 9 of its levels.

You collected 432 gold pieces.

Inventory:

Hand Weapons
 a - a +1 war axe (weapon)
 u - a +1 halberd of flaming
 w - a +0 morningstar
Missiles
 Q - 99 stones (quivered)
Armour
 b - a +0 scale mail
 c - a +0 kite shield (worn)
 j - a cursed +0 leather armour
 l - a +0 chain mail (worn)
 m - a +0 helmet (worn)
 n - a scarf of resistance (worn)
Jewellery
 p - a ring of magical power (left hand)
Wands
 q - a wand of iceblast (14)
 D - a wand of digging (4)
Scrolls
 e - 3 scrolls of remove curse
 h - a scroll of fear {unknown}
 i - a scroll of identify
 B - a scroll of blinking
Potions
 d - 2 potions of might
 g - 2 potions of heal wounds
 k - 6 potions of curing
 r - 2 potions of lignification
 s - 2 potions of mutation
 t - 2 potions of stabbing
 v - a potion of berserk rage {unknown}
 x - a potion of ambrosia {unknown}
Comestibles
 f - 14 rations
 o - 9 chunks of flesh


   Skills:
 + Level 8.6(13.6) Fighting
 * Level 9.3(14.3) Axes
 + Level 8.6(13.6) Armour
 - Level 3.2(8.2) Shields


You had 9 spell levels left.
You didn't know any spells.
Your spell library contained the following spells:

 Spells                   Type           Power        Failure   Level  Hunger
 Animate Skeleton         Necr           N/A          99%         1    ##.....
 Beastly Appendage        Tmut           #.....       99%         1    ##.....
 Pain                     Necr           #...         99%         1    ##.....
 Sticks to Snakes         Tmut           #.......     100%        2    ###....
 Spider Form              Tmut/Pois      #.........   100%        3    ####...
 Vampiric Draining        Necr           #.........   100%        3    ####...
 Animate Dead             Necr           N/A          100%        4    #####..
 Ice Form                 Ice/Tmut       #.......     100%        4    #####..
 Agony                    Necr           #.......     100%        5    ######.
 Blade Hands              Tmut           #.........   100%        5    ######.


Dungeon Overview and Level Annotations

Branches:
Dungeon (8/15)             Temple (1/1) D:6
   Lair: D:8-11

Altars:
Ashenzari
Cheibriados
Dithmenos
Elyvilon
Fedhas
Gozag
Hepliaklqana
Kikubaaqudgha
Makhleb
Nemelex Xobeh
Okawaru
Qazlal
Ru
Sif Muna
Trog
Uskayaw
Vehumet
Wu Jian
Xom
Yredelemnul
Zin
The Shining One

Annotations:
D:2 1 runed translucent door, Crazy Yiuf
D:6 2 runed translucent doors, gruber's ghost, novice MiHu


Innate Abilities, Weirdness & Mutations

You are resistant to torment.
Your stone body is resilient. (AC +7)
You are immune to poison.
You resist negative energy. (rN+)
You are resistant to electric shocks. (rElec)
You can survive without breathing.
You are immune to petrification.
You are immune to rotting.


Message History

You slash the two-headed ogre!
The two-headed ogre is severely wounded.
The two-headed ogre hits you with a +0 giant club.
The two-headed ogre hits you but does no damage.
You hit the two-headed ogre but do no damage.
The two-headed ogre is heavily wounded.
The two-headed ogre barely misses you.
The two-headed ogre hits you but does no damage.
Your shield and chain mail prevent you from hitting the two-headed ogre.
The two-headed ogre is heavily wounded.
You slash the two-headed ogre!
The two-headed ogre is almost dead.
You block the two-headed ogre's attack.
The two-headed ogre hits you with a cursed -1 giant club!
You hit the two-headed ogre.
The two-headed ogre is almost dead.
The two-headed ogre hits you with a +0 giant club!!
* * * LOW HITPOINT WARNING * * *
The two-headed ogre hits you with a cursed -1 giant club.
You die...

#.####.#########
##
#.......)).....#
#.#
#.############.#
#.# #.# #.# #O#
#.# #.# ## #.##
..# #.# #.###.#
### #.# ##.#.##
#.###.#.#.#
#..@O.....#
###########


You could see a two-headed ogre.

Vanquished Creatures
  Pikel (D:6)
  A hippogriff (D:7)
  A water moccasin (D:8)
  A sky beast (D:7)
  An ice beast (D:5)
  A black bear (D:7)
  4 ogres
  A phantom (D:8)
  2 centaurs
  4 bullfrogs
  A big kobold (D:7)
  6 killer bees (D:8)
  A scorpion (D:7)
  2 howler monkeys
  An electric eel (D:8)
  3 crimson imps
  A quasit (D:8)
  A bullfrog zombie (D:5)
  5 hounds
  4 orc priests
  An iguana (D:8)
  Terence (D:2)
  8 orc wizards
  Natasha (thrice) (D:4)
  5 worker ants
  A hound zombie (D:7)
  A hound skeleton (D:7)
  Robin (D:2)
  A howler monkey zombie (D:5)
  6 adders
  14 gnolls
  3 shadow imps
  An ooze (D:2)
  An adder skeleton (D:4)
  2 worms
  4 dart slugs
  3 leopard geckos
  24 orcs
  2 ball pythons
  A bat (D:1)
  3 giant cockroaches
  13 goblins
  10 hobgoblins
  9 jackals
  12 kobolds
  3 quokkas
  4 frilled lizards (D:3)
  A jackal skeleton (D:5)
  A quokka skeleton (D:5)
  5 rats
186 creatures vanquished.

Vanquished Creatures (others)
  A slave (D:6)
  A hound (D:6)
  2 orc wizards (D:6)
  An adder (D:6)
  2 orcs (D:6)
  9 fungi (D:8)
  6 plants (D:8)
22 creatures vanquished.

Grand Total: 208 creatures vanquished

Notes
Turn   | Place    | Note
-------+----------+-------------------------------------------
     0 | D:1      | mortelune the Gargoyle Fighter began the quest for the Orb.
     0 | D:1      | Reached XP level 1. HP: 14/14 MP: 1/1
   175 | D:1      | Reached skill level 2 in Axes
   214 | D:1      | Reached XP level 2. HP: 18/19 MP: 2/2
  1153 | D:2      | Reached XP level 3. HP: 24/24 MP: 3/3
  1345 | D:2      | Found a runed translucent door.
  1346 | D:2      | Noticed Crazy Yiuf
  1410 | D:2      | Noticed Robin
  1815 | D:2      | Reached XP level 4. HP: 29/29 MP: 4/4
  1913 | D:2      | Noticed Terence
  1941 | D:2      | Killed Terence
  2307 | D:2      | Killed Robin
  2324 | D:2      | Reached skill level 3 in Axes
  2324 | D:2      | Reached XP level 5. HP: 33/34 MP: 5/5
  3079 | D:4      | Reached XP level 6. HP: 33/39 MP: 6/6
  3154 | D:4      | Noticed a phantom
  3481 | D:4      | Reached skill level 4 in Axes
  3481 | D:4      | Reached skill level 5 in Armour
  3655 | D:4      | Noticed Natasha
  3661 | D:4      | Killed Natasha
  3661 | D:4      | Reached skill level 5 in Fighting
  3934 | D:4      | Noticed Natasha
  3941 | D:4      | Killed Natasha
  3988 | D:4      | Noticed Natasha
  3994 | D:4      | Killed Natasha
  3994 | D:4      | Reached XP level 7. HP: 34/44 MP: 7/7
  4094 | D:5      | Entered Level 5 of the Dungeon
  4402 | D:5      | Found a snail-covered altar of Cheibriados.
  4404 | D:5      | Found a radiant altar of Vehumet.
  4404 | D:5      | Found a shadowy altar of Dithmenos.
  4413 | D:5      | Reached skill level 5 in Axes
  4419 | D:5      | Found a burning altar of Makhleb.
  4419 | D:5      | Found a hazy altar of Hepliaklqana.
  4419 | D:5      | Found a shimmering altar of Xom.
  4914 | D:5      | Found a bloodstained altar of Trog.
  5283 | D:5      | Reached XP level 8. HP: 51/51 MP: 8/8
  5408 | D:6      | Found a stormy altar of Qazlal.
  5416 | D:6      | Found a runed translucent door.
  5833 | D:6      | Noticed gruber's ghost (novice MiHu)
  5868 | D:6      | Reached skill level 6 in Axes
  5895 | D:6      | Noticed Pikel
  5905 | D:6      | Killed Pikel
  5910 | D:6      | Reached skill level 7 in Axes
  6006 | D:6      | Found a runed translucent door.
  6069 | D:6      | Found a staircase to the Ecumenical Temple.
  6075 | Temple   | Entered the Ecumenical Temple
  6190 | Temple   | Became a worshipper of Warmaster Okawaru
  6271 | D:6      | Reached XP level 9. HP: 57/57 MP: 9/9
  6612 | D:7      | Reached * piety under Okawaru
  7004 | D:7      | Reached skill level 8 in Axes
  7807 | D:7      | Found an opulent altar of Gozag.
  7981 | D:8      | Reached ** piety under Okawaru
  8285 | D:8      | Reached skill level 9 in Axes
  8285 | D:8      | Reached XP level 10. HP: 54/64 MP: 10/10
  8644 | D:8      | Noticed a two-headed ogre
  8659 | D:8      | Slain by a two-headed ogre

Illustrated notes

Levels and vault maps discovered:
D:1:      lemuel_arrival_tunnels, layout_loops_corners
D:2:      layout_basic, uniq_crazy_yiuf_cottage, uniq_robin, uniq_terence
D:3:      layout_rooms, hangedman_decor_push
D:4:      layout_loops_ring, first_ration, supply_closet_lemuel, uniq_natasha
D:5:      layout_loops_cross, doesnt_xom_only_xom, basic_altar
D:6:      layout_rooms, minmay_temple_entry_hall, ebering_ghost_sewer_f,
          nicolae_qazlal_general_emergency, uniq_pikel
D:7:      layout_loops_corners, lemuel_round_altar
D:8:      layout_loops_ring, grunt_lair_entry_orc_guard_hut, david_nohive_1,
          fountainhead, minmay_misc_feat_more_columns, roderic_roman_lattice,
          uniq_psyche, uniq_erica
Temple:   regret_index_temple_chain_breaker

Skill      XL: |  1  2  3  4  5  6  7  8  9 |
---------------+----------------------------+-----
Axes           | 2 3 4 5 7 9 |  9.3
Armour         | 4 5 6 7 8 |  8.6
Fighting       | 4 5 7 8 |  8.6
Shields        | |  3.2

Action                   |  1- 3 |  4- 6 |  7- 9 | 10-12 || total
-------------------------+-------+-------+-------+-------++-------
Melee: War axe           |   111 |   251 |   415 |    47 ||   824
Throw: Stone             |       |     2 |       |       ||     2
Invok: Heroism           |       |       |     2 |     2 ||     4
  Use: Scroll            |       |       |    13 |       ||    13
  Eat: Chunk             |     3 |     7 |    14 |     2 ||    26
Armor: Scale mail        |    66 |    12 |       |       ||    78
       Chain mail        |       |   153 |   264 |    47 ||   464
Dodge: Dodged            |    41 |    67 |    81 |    17 ||   206
Block: Kite shield       |    70 |   127 |   197 |    28 ||   422
